Map: Dusk Towers

Players

LilDicky - Winner!

  • Race: Terran Terran
  • League: Diamond

Pedrows

  • Race: Protoss Protoss
  • League: Gold

VOD

http://www.twitch.tv/tumescentpie

Description

Time

  • Played on: Nov. 22, 2015, 7:24 p.m.
  • Length: 9:18
Show
View Real Time Build Order
Export as new Build Order

LilDicky Terran - Winner!

Build Orders: MMM Bio 

Get SALT Encoding   

  12  0:01  SCV  
  13  0:13  SCV  
  14  0:18  Supply Depot  
  14  0:27  SCV  
  15  0:30  Refinery  
  15  0:40  SCV  
  16  0:45  Barracks  
  16  0:54  SCV  
  17  1:06  SCV  
  18  1:18  SCV  
  19  1:30  SCV  
  20  1:37  Supply Depot, Marine  
  21  1:42  Orbital Command  
  21  1:46  Factory  
  21  1:56  Marine  
  22  2:10  Barracks  
  22  2:11  SCV  
  22  2:13  Barracks  
  23  2:16  Refinery  
  23  2:23  SCV  
  23  2:28  Barracks Reactor  
  24  2:35  Supply Depot  
  24  2:51  SCV  
  25  3:03  SCV  
  26  3:10  Marine  
  26  3:11  Barracks Tech Lab  
  26  3:12  Barracks Tech Lab  
  26  3:16  SCV  
  26  3:17  Widow Mine  
  29  3:27  Marine  
  29  3:28  SCV, Marine  
  29  3:34  Supply Depot  
  32  3:38  Combat Shields, Marine  
  32  3:39  Stimpack  
  32  3:40  SCV, Marauder  
  36  3:49  Starport  
  36  3:52  SCV  
  37  3:59  Marauder, Marine x2  
  41  4:04  SCV, Supply Depot  
  41  4:06  Marauder  
  44  4:16  SCV  
  45  4:20  Marine x2  
  47  4:25  Supply Depot  
  47  4:26  Marauder  
  47  4:27  Medivac  
  51  4:47  Marine x2  
  51  4:48  Marauder x2  
  57  5:01  Medivac  
  57  5:05  Marine x2  
  61  5:09  Marauder  
  63  5:19  Marauder  
  63  5:40  Supply Depot x2  
  63  5:43  Marine  
  62  5:50  Marauder  
  62  5:53  Marauder  
  62  5:54  Widow Mine  
  62  6:01  Medivac  
  62  6:05  SCV  
  62  6:06  Marine x2  
  65  6:12  Marauder  
  65  6:14  Marauder  
  65  6:15  Supply Depot  
  65  6:17  SCV  
  70  6:23  Marine  
  70  6:24  Marine  
  72  6:33  Marauder  
  72  6:35  Marauder  
  72  6:36  Medivac  
  78  6:41  Marine x2  
  73  7:14  Marine x2  
  73  7:15  Marauder x2  
  74  7:20  Concussive Shells, Medivac  
  74  7:21  SCV  
  75  7:51  Medivac  
  70  7:52  Marine x2  
  70  7:53  Marauder  
  70  7:59  Command Center  
  70  8:00  Marine  
  71  8:14  Marine x2  
  71  8:17  Marine  
  74  8:25  Marine  
  75  8:32  Marine x2  
  69  8:47  Marine  
  69  8:48  Marine  
  69  8:59  Marine x2  
Show
View Real Time Build Order
Export as new Build Order

Pedrows Protoss 

Build Orders: 1 Gate Expand 

Get SALT Encoding   

  12  0:01  Probe (Chrono Boost)  
  13  0:11  Probe (Chrono Boost)  
  14  0:17  Pylon  
  14  0:22  Probe (Chrono Boost)  
  15  0:36  Probe (Chrono Boost)  
  15  0:38  Gateway  
  16  0:46  Probe (Chrono Boost)  
  17  0:54  Assimilator  
  17  0:57  Probe (Chrono Boost)  
  18  1:08  Probe (Chrono Boost)  
  19  1:21  Probe (Chrono Boost)  
  20  1:32  Nexus  
  20  1:35  Probe (Chrono Boost)  
  21  1:41  Cybernetics Core  
  21  1:47  Probe (Chrono Boost), Pylon  
  22  1:55  Assimilator  
  22  1:58  Probe (Chrono Boost)  
  24  2:08  Probe (Chrono Boost)  
  24  2:14  Gateway  
  24  2:16  Pylon  
  24  2:19  Warp Gate (Chrono Boost)  
  24  2:25  Mothership Core (Chrono Boost)  
  26  2:36  Gateway  
  26  2:41  Stalker (Chrono Boost)  
  28  2:49  Pylon  
  28  2:52  Probe  
  28  2:53  Probe  
  30  3:03  Probe  
  30  3:04  Probe  
  32  3:11  Stalker (Chrono Boost)  
  34  3:19  Stalker  
  36  3:33  Pylon  
  36  3:34  Probe, Pylon  
  36  3:35  Probe  
  36  3:39  Stalker  
  40  3:59  Robotics Facility  
  36  4:15  Probe (Chrono Boost), Zealot  
  38  4:17  Probe (Chrono Boost)  
  38  4:22  Stalker  
  42  4:28  Probe (Chrono Boost)  
  42  4:29  Probe (Chrono Boost)  
  42  4:31  Pylon  
  42  4:34  Pylon  
  41  4:48  Zealot x3  
  41  4:50  Probe (Chrono Boost)  
  41  4:51  Observer (Chrono Boost)  
  41  4:52  Probe  
  48  5:03  Probe  
  48  5:04  Probe  
  48  5:06  Gateway  
  50  5:08  Twilight Council, Pylon  
  50  5:15  Stalker  
  50  5:17  Observer (Chrono Boost)  
  51  5:37  Zealot x3  
  51  5:41  Probe, Warp Prism (Chrono Boost)  
  51  5:42  Probe  
  51  6:00  Zealot x3  
  55  6:05  Probe  
  55  6:07  Probe  
  55  6:08  Charge  
  57  6:15  Robotics Bay  
  57  6:16  Probe  
  58  6:19  Assimilator  
  58  6:20  Probe  
  58  6:23  Assimilator  
  59  6:35  Probe  
  59  6:37  Probe  
  59  6:46  Zealot x2  
  59  6:47  Zealot x2  
  55  7:08  Zealot  
  55  7:09  Zealot x3  
  40  7:38  Zealot  
  40  7:39  Zealot x3  
  40  7:40  Probe  
  40  7:41  Probe  
  46  7:56  Disruptor (Chrono Boost)  
  27  8:36  Zealot x2  
Tags
 
Add a new tag
Caveats
  • Supply blocks, unpowered buildings, or Contaminate may cause inaccurate times.
  • Supply counts are checked every 10 seconds.